 Dungeon Crawl Stone Soup version 0.29-a0-841-g116ddc6ace (webtiles) character file.

Game seed: 8196882752696317137

114 jimonade the Shooter (level 4, -2/34 HPs)
             Began as a Mummy Hunter on July 14, 2022.
             Slain by a gnoll
             ... wielding a +0 flail
              (4 damage)
             ... on level 3 of the Dungeon.
             The game lasted 00:03:42 (2061 turns).

jimonade the Shooter (Mummy Hunter)                 Turns: 2061, Time: 00:03:43

Health: -2/34      AC:  5    Str: 14    XL:     4   Next: 66%
Magic:  6/6        EV: 12    Int: 10    God:
Gold:   135        SH:  0    Dex: 15    Spells: 6/6 levels left

rFire   x . .      SeeInvis .   a - +0 shortbow
rCold   + . .      Faith    .   (shield currently unavailable)
rNeg    + + +      Spirit   .   c - +0 leather armour
rPois   ∞          Reflect  .   (no helmet)
rElec   .          Harm     .   (no cloak)
rCorr   .          Rampage  .   (no gloves)
Will    .....                   h - +1 pair of boots
Stlth   +.........              (no amulet)
HPRegen 0.11/turn               (no ring)
MPRegen 0.10/turn               (no ring)

@: no status effects
A: cold resistance 1, negative energy resistance 3, torment resistance 2, heat
vulnerability 1, in touch with death 1, no potions
a: no special abilities


You were on level 3 of the Dungeon.
You visited 1 branch of the dungeon, and saw 3 of its levels.

You collected 135 gold pieces.

Inventory:

Hand Weapons
 a - a +0 shortbow (weapon)
 b - a +0 short sword
 j - a +0 sling
Armour
 c - a +0 leather armour (worn)
 h - a +1 pair of boots (worn)
Scrolls
 d - a scroll of immolation
 e - a scroll of teleportation {unknown}
 f - 4 scrolls of identify {unknown}
 g - a scroll of enchant armour {unknown}
 i - a scroll of amnesia {unknown}


   Skills:
 * Level 2.6 Fighting
 + Level 4.4 Ranged Weapons
 + Level 0.3 Armour
 + Level 1.8 Dodging
 - Level 0.7 Stealth
 * Level 1.5 Spellcasting


You had 6 spell levels left.
You didn't know any spells.
Your spell library contained the following spells:

 Spells                   Type           Power      Damage    Failure   Level
 Confusing Touch          Hex            0%         N/A       77%         3
 Yara's Violent Unravell  Hex/Tmut       0%         3d3       100%        5
 Enfeeble                 Hex            0%         N/A       100%        7
 Summon Hydra             Summ           0%         N/A       100%        7
 Sublimation of Blood     Necr           Unusable   N/A       N/A         2
 Wereblood                Tmut           Unusable   N/A       N/A         2

Dungeon Overview and Level Annotations

Branches:
Dungeon (3/15)

Altars:


Innate Abilities, Weirdness & Mutations

You are immune to poison.
Your flesh is cold resistant. (rC+)
You are immune to negative energy. (rN+++)
You are immune to unholy pain and torment.
You are vulnerable to heat. (rF-)
You are in touch with the powers of death.
You do not drink.


Message History

The arrow closely misses the gnoll.
The arrow hits the gnoll but does no damage.
You shoot an arrow. The arrow barely misses the gnoll.
The arrow hits the gnoll but does no damage.
The gnoll misses you. The gnoll closely misses you.
You shoot an arrow.
The arrow hits the gnoll but does no damage.
The gnoll is lightly wounded.
The gnoll misses you. The gnoll hits you but does no damage.
You shoot an arrow. The arrow hits the gnoll.
The gnoll is lightly wounded.
The gnoll completely misses you. The gnoll hits you with a +0 flail!
You shoot an arrow. The arrow hits the gnoll.
The gnoll is moderately wounded.
The gnoll hits you from afar with a +0 spear of flaming.
The gnoll burns you. The gnoll closely misses you.
The gnoll hits you from afar with a +0 spear.
You are too injured to fight recklessly!
You are too injured to fight recklessly!
You are too injured to fight recklessly!
You are too injured to fight recklessly!
Fire: a) +0 shortbow
Press: ? - help, Q - select action Shift-Dir - straight line, f/p - gnoll
Aim: a gnoll, wielding a +0 flail (moderately wounded, 65% to hit)
You shoot an arrow. The arrow closely misses the gnoll.
The gnoll hits you from afar with a +0 spear of flaming.
The gnoll burns you.
The gnoll hits you but does no damage. x2
The gnoll hits you with a +0 flail.
* * * LOW HITPOINT WARNING * * *
The gnoll hits you from afar with a +0 spear.
* * * LOW HITPOINT WARNING * * *
Fire: a) +0 shortbow
Press: ? - help, Q - select action Shift-Dir - straight line, f/p - gnoll
Aim: a gnoll, wielding a +0 flail (moderately wounded, 65% to hit)
You shoot an arrow.
The arrow hits the gnoll but does no damage.
The gnoll is moderately wounded.
The gnoll barely misses you. The gnoll hits you but does no damage.
The gnoll hits you with a +0 flail.
You die...

..... ...... ....
#...## #.#..###
#####.##...####
.#.......#<....###
..........g.......
..?.....@.g...)!.#
........g........#
.................#
.................#
.#....<..........#
##..............#
##...$.#.......#
##########... ).


You could see 3 gnolls.

Vanquished Creatures
  Robin (D:2)
  4 adders (D:2)
  2 worms (D:2)
  A dart slug (D:1)
  An orc (D:3)
  3 ball pythons
  A bat (D:1)
  5 endoplasms
  2 giant cockroaches (D:2)
  13 goblins
  8 hobgoblins
  2 kobolds (D:2)
  5 quokkas
  7 rats
55 creatures vanquished.

Notes
Turn   | Place    | Note
-------+----------+-------------------------------------------
     0 | D:1      | jimonade the Mummy Hunter began the quest for the Orb.
     0 | D:1      | Reached XP level 1. HP: 16/16 MP: 1/1
   131 | D:1      | Reached XP level 2. HP: 21/22 MP: 2/2
   262 | D:1      | Found a faded altar of an unknown god.
   843 | D:2      | Reached skill level 1 in Spellcasting
   843 | D:2      | Gained mutation: You are in touch with the powers of death.
                  | [Mummy growth]
   843 | D:2      | Reached XP level 3. HP: 27/27 MP: 4/4
   855 | D:2      | Reached skill level 4 in Ranged Weapons
   974 | D:2      | Noticed Robin
   987 | D:2      | Killed Robin
   992 | D:2      | Reached XP level 4. HP: 7/34 MP: 5/5
  2061 | D:3      | Slain by a gnoll

Illustrated notes

Levels and vault maps discovered:
D:1:      minmay_arrival_doors, layout_rooms,
          shapermc_ecumenical_altar_notcrosses
D:2:      layout_basic, uniq_robin
D:3:      layout_rooms, mainiacjoe_overflow_catwalk

Skill      XL: |  1  2  3 |
---------------+----------+-----
Spellcasting   | 1 |  1.5
Ranged Weapons | 4 |  4.4
Fighting       | |  2.6
Armour         | |  0.3
Dodging        | |  1.8
Stealth        | |  0.7

Action                   |  1- 3 |  4- 6 || total
-------------------------+-------+-------++-------
 Fire: Shortbow          |   100 |    86 ||   186
Armor: Leather armour    |    18 |    11 ||    29
Dodge: Dodged            |    32 |    27 ||    59

Table legend: (Time is in decaauts)
 A = Elapsed time spent in this place.
 B = Non-inter-level travel time spent in this place.
 C = Inter-level travel time spent in this place.
 D = Time resting spent in this place.
 E = Time spent auto-exploring this place.
 F = Levels seen in this place.
 G = Mean time per level.
                   A        B        C        D        E       F      G
               +--------+--------+--------+--------+--------+-----+--------+
         Total |   2123 |   2090 |     33 |    488 |   1208 |   3 |  707.7 |
       Dungeon |   2123 |   2090 |     33 |    488 |   1208 |   3 |  707.7 |
               +--------+--------+--------+--------+--------+-----+--------+

Top non-repeatable levels by time:
     D:2: 1081 daAuts
     D:1: 1023 daAuts
     D:3: 18 daAuts
